 Dungeon Crawl Stone Soup version 0.24.0-125-gc4c63601f3 (webtiles) character file.

Game seed: 13196338797064041475, levelgen mode: deterministic

59 BuffBuff the Shield-Bearer (level 4, -2/23 HPs)
             Began as a Vine Stalker Fighter on Mar 12, 2020.
             Slain by an ogre
             ... wielding a +0 giant club
              (14 damage)
             ... on level 3 of the Dungeon.
             The game lasted 00:05:31 (1583 turns).

BuffBuff the Shield-Bearer (Vine Stalker Fighter)   Turns: 1583, Time: 00:05:31

Health: -2/23      AC:  9    Str: 19    XL:     4   Next: 3%
Magic:  0/5        EV:  7    Int:  8    God:
Gold:   61         SH:  9    Dex: 14    Spells: 3/3 levels left

rFire    . . .     SeeInvis .     - Unarmed
rCold    . . .     Gourm    .   b - +0 shield
rNeg     . . .     Faith    .   a - +0 scale mail
rPois    .         Spirit   +   k - +0 helmet
rElec    .         Reflect  .   (no cloak)
rCorr    .         Harm     .   (no gloves)
MR       .....                  i - +0 pair of boots
Stlth    ..........             (no amulet)
HPRegen  0.47/turn              (no ring)
MPRegen  0.09/turn              (no ring)

@: no status effects
A: fangs 2, regeneration 1, magic shield, antimagic bite, no potion heal 3, rot
immunity
a: no special abilities


You were on level 3 of the Dungeon.
You were not hungry.

You visited 1 branch of the dungeon, and saw 3 of its levels.

You collected 61 gold pieces.

Inventory:

Armour
 a - a +0 scale mail (worn)
 b - a +0 shield (worn)
 i - a +0 pair of boots (worn)
 k - a +0 helmet (worn)
 p - a +2 buckler
Scrolls
 e - a scroll of teleportation {unknown}
 f - 3 scrolls of identify {unknown}
 g - a scroll of enchant armour {unknown}
 h - a scroll of magic mapping {unknown}
 j - 2 scrolls of immolation {unknown}
 l - a scroll of enchant weapon {unknown}
 o - a scroll of remove curse {unknown}
 r - a scroll of noise {unknown}
Potions
 c - 2 potions of might
 m - a potion of curing {unknown}
 n - a potion of ambrosia {unknown}
Comestibles
 d - 6 rations
 q - 2 chunks of flesh


   Skills:
 + Level 2.9 Fighting
 + Level 3.0 Armour
 + Level 3.2 Shields
 * Level 2.6 Unarmed Combat


You had 3 spell levels left.
You didn't know any spells.
Your spell library was empty.

Dungeon Overview and Level Annotations

Branches:
Dungeon (3/15)

Altars:


Innate Abilities, Weirdness & Mutations

You have extremely sharp teeth.
Your natural rate of healing is unusually fast.
When hurt, damage is shared between your health and your magic reserves.
Your bite disrupts and absorbs the magic of your enemies.
Potions cannot restore your health.
You are immune to rotting.


Message History

You barely miss the ogre.
The ogre is heavily wounded.
You block the ogre's attack.
You barely miss the ogre. You bite the ogre, but do no damage.
The ogre is moderately wounded.
You block the ogre's attack.
You hit the ogre. You bite the ogre. You drain its power.
You feel invigorated.
The ogre is severely wounded.
You hit the ogre. Your bite misses the ogre.
The ogre is severely wounded.
The ogre barely misses you.
You closely miss the ogre.
The ogre is severely wounded.
The ogre hits you with a +0 giant club!!
Ouch! That really hurt!
* * * LOW HITPOINT WARNING * * *
The frilled lizard unfolds its giant frill.
The ogre hits you with a +0 giant club!
Ouch! That really hurt!
You die...

#############
#...........#######
#.####............### #.#
#..............#
#######.####...#..[†....#
.............)##.#####..#
####..........##.# #..#
##.#######..##@#####..# #...l..#
#..##O##.....#
#..###.###..##.##.##.[### ###..#
#..K.l..o....#.....# .....#
#####..#####.#.....#######
####l## #..# ##.#.....[(.....
##...######..####........#######
##........................# ##.
#......l####..####...##.###
###.#


You could see an ogre and an orc.

Vanquished Creatures
  2 adders (D:2)
  2 worms (D:2)
  A dart slug (D:1)
  A leopard gecko (D:3)
  5 orcs (D:3)
  2 giant cockroaches
  A hobgoblin (D:1)
  A quokka (D:2)
  5 bats
  A frilled lizard (D:1)
  4 goblins
  3 kobolds
  A rat (D:3)
29 creatures vanquished.

Notes
Turn   | Place    | Note
-------+----------+-------------------------------------------
     0 | D:1      | BuffBuff the Vine Stalker Fighter began the quest for the
                  | Orb.
     0 | D:1      | Reached XP level 1. HP: 11/11 MP: 2/2
   290 | D:1      | Reached XP level 2. HP: 16/16 MP: 3/3
   749 | D:2      | Reached XP level 3. HP: 16/19 MP: 4/4
  1474 | D:3      | Gained mutation: Your natural rate of healing is unusually
                  | fast. [Vine Stalker growth]
  1474 | D:3      | Reached XP level 4. HP: 23/23 MP: 5/5
  1522 | D:3      | Noticed an ogre
  1560 | D:3      | HP: 1/23 [ogre/+0 giant club (20)]
  1583 | D:3      | Slain by an ogre

Levels and vault maps discovered:
D:1:      co_arrival_random_square_maze, layout_basic
D:2:      layout_rooms
D:3:      minmay_diamond_boxcup, layout_loops_ring,
          gammafunk_temple_overflow_statue, first_ration

Skill      XL: |  1  2  3 |
---------------+----------+-----
Shields        | 3 |  3.2
Armour         | 3 |  3.0
Fighting       | |  2.9
Unarmed Combat | |  2.6

Action                   |  1- 3 |  4- 6 || total
-------------------------+-------+-------++-------
Melee: Unarmed           |   126 |    10 ||   136
       Bite              |    33 |     3 ||    36
  Eat: Chunk             |     2 |       ||     2
Armor: Scale mail        |    53 |     1 ||    54
Dodge: Dodged            |    30 |     1 ||    31
Block: Shield            |    47 |     3 ||    50
